 Dungeon Crawl Stone Soup version 0.27-a0-1193-g8631133539 (webtiles) character file.

Game seed: 1961207815519928735

42 agentchuck the Skirmisher (level 3, -1/24 HPs)
             Began as a Tengu Fighter on May 25, 2021.
             Succumbed to Crazy Yiuf's poison
             ... on level 2 of the Dungeon.
             The game lasted 00:04:49 (928 turns).

agentchuck the Skirmisher (Tengu Fighter)            Turns: 928, Time: 00:04:50

Health: -1/24      AC:  6    Str: 17    XL:     3   Next: 56%
Magic:  4/4        EV:  4    Int: 10    God:
Gold:   69         SH:  0    Dex: 13    Spells: 2/2 levels left

rFire    . . .     SeeInvis .   g - +1 short sword (flame)
rCold    + . .     Faith    .   c - +0 kite shield
rNeg     . . .     Spirit   .   b - +0 scale mail
rPois    .         Reflect  .   (helmet restricted)
rElec    .         Harm     .   (no cloak)
rCorr    .         Rampage  .   (no gloves)
Will     .....                  (boots unavailable)
Stlth    ..........             (no amulet)
HPRegen  0.08/turn              L - ring of flight
MPRegen  0.09/turn              (no ring)

@: lethally poisoned (-1 -> -7), petrifying (expiring), flying, slowed, very
slow
A: beak, talons 3, clever 1, cold resistance 1, passive freeze
a: no special abilities


You were on level 2 of the Dungeon.
You visited 1 branch of the dungeon, and saw 2 of its levels.

You collected 69 gold pieces.


Innate Abilities, Weirdness & Mutations

You have a beak for a mouth.
You have claws for feet.
Your mind is acute. (Int +2)
Your flesh is cold resistant. (rC+)
A frigid envelope surrounds you and freezes all who hurt you.


   Skills:
 + Level 3.8 Fighting
 + Level 3.3 Long Blades
 - Level 3.2 Armour
 - Level 3.0 Shields


You had 2 spell levels left.
You didn't know any spells.
Your spell library was empty.

Inventory:

Hand Weapons
 a - a +0 long sword
 g - a +1 short sword of flaming (weapon)
Missiles
 e - 79 stones (quivered)
Armour
 b - a +0 scale mail (worn)
 c - a +0 kite shield (worn)
Jewellery
 L - a ring of flight (left hand)
Scrolls
 f - a scroll of summoning {unknown}
 h - a scroll of noise {unknown}
 j - a scroll of magic mapping {unknown}
Potions
 d - a potion of might

Dungeon Overview and Level Annotations

Branches:
Dungeon (2/15)

Altars:

#...###############
#<................##
###......########..#
######## ##.# #.#
#######.## ▒▒▒
###)#).#...#
▒.).▒#..#).)....#
▒..))@####.)))..#
▒)..▒## ##)#..## ▒▒▒
######


There were no monsters in sight!


Message History

Ouch! That really hurt!
* * * LOW HITPOINT WARNING * * *
You are slowing down.
It was a potion of mutation.
You feel extremely strange.
You feel clever.
You feel resistant to cold.
Your skin feels very cold.
Crazy Yiuf hits you with a +2 quarterstaff of chaos!
* * * LOW HITPOINT WARNING * * *
You are poisoned.
Crazy Yiuf is very cold.
Crazy Yiuf is severely wounded.
Crazy Yiuf yells, "Cake ena snockshim!"
Crazy Yiuf hits you with a +2 quarterstaff of chaos!
* * * LOW HITPOINT WARNING * * *
You feel yourself slow down.
Crazy Yiuf is very cold.
Crazy Yiuf is almost dead.
Crazy Yiuf barely misses you.
Your limbs are stiffening.
Unknown command.
Unknown command.
Unknown command.
Unknown command.
Unknown command.
Unknown command.
Okay, then.
Unknown command.
Okay, then.
Unknown command.
You hit Crazy Yiuf. You burn Crazy Yiuf.
You kill Crazy Yiuf!
You die...

Skill      XL: |  1  2 |
---------------+-------+-----
Long Blades    | 3 |  3.3
Fighting       | |  3.8
Armour         | |  3.2
Shields        | |  3.0

Action                   || total
-------------------------++-------
Melee: Long sword        ||    11
       Kick              ||    14
       Peck              ||     7
       Short sword       ||    46
  Use: Potion            ||     1
Armor: Scale mail        ||    14
Dodge: Dodged            ||    11
Block: Kite shield       ||    21
       Rpst.: Long sword ||     1

Levels and vault maps discovered:
D:1:      lightli_iron_boxes, layout_basic, basic_ecumenical_altar, st_stairs_14
D:2:      layout_rooms, serial_shops, shop, nicolae_shop_window_shopping,
          nicolae_shop_waterfront, nicolae_shop_trees, uniq_crazy_yiuf_cottage

Notes
Turn   | Place    | Note
-------+----------+-------------------------------------------
     0 | D:1      | agentchuck the Tengu Fighter began the quest for the Orb.
     0 | D:1      | Reached XP level 1. HP: 14/14 MP: 2/2
   119 | D:1      | Reached XP level 2. HP: 18/19 MP: 3/3
   262 | D:1      | Found a faded altar of an unknown god.
   299 | D:1      | Reached skill level 3 in Long Blades
   299 | D:1      | Reached XP level 3. HP: 10/23 MP: 4/4
   920 | D:2      | Found a runed translucent door.
   921 | D:2      | Noticed Crazy Yiuf
   927 | D:2      | Gained mutation: Your mind is acute. (Int +2) [potion of
                  | mutation]
   927 | D:2      | Gained mutation: Your flesh is cold resistant. (rC+)
                  | [potion of mutation]
   927 | D:2      | Gained mutation: A frigid envelope surrounds you and
                  | freezes all who hurt you. [potion of mutation]
   927 | D:2      | HP: 1/24 [Crazy Yiuf/+2 quarterstaff of chaos (6)]
   928 | D:2      | Killed Crazy Yiuf
   928 | D:2      | Succumbed to Crazy Yiuf's poison

Vanquished Creatures
  Crazy Yiuf (D:2)
  A gnoll (D:1)
  2 dart slugs (D:1)
  2 endoplasms (D:1)
  A giant cockroach (D:1)
  3 goblins (D:1)
  3 hobgoblins (D:1)
  A quokka (D:1)
  5 ball pythons (D:1)
  2 bats (D:1)
  4 frilled lizards (D:1)
  3 kobolds (D:1)
  2 rats (D:1)
30 creatures vanquished.

Table legend: (Time is in decaauts)
 A = Elapsed time spent in this place.
 B = Non-inter-level travel time spent in this place.
 C = Inter-level travel time spent in this place.
 D = Time resting spent in this place.
 E = Time spent auto-exploring this place.
 F = Levels seen in this place.
 G = Mean time per level.
                   A        B        C        D        E       F      G
               +--------+--------+--------+--------+--------+-----+--------+
         Total |    943 |    922 |     21 |    295 |    115 |   2 |  471.5 |
       Dungeon |    943 |    922 |     21 |    295 |    115 |   2 |  471.5 |
               +--------+--------+--------+--------+--------+-----+--------+

Top non-repeatable levels by time:
     D:1: 907 daAuts
     D:2: 36 daAuts

Table legend:
 A = Non-vault XP
 B = Vault XP
 C = Vault XP percentage of total XP
 D = Non-vault monster count
 E = Vault monster count
 F = Vault count percentage of total count
                 A         B        C        D         E       F
            +---------+---------+-------+---------+---------+-------
      Total |      59 |      43 |  42.2 |      27 |       3 |  10.0
            +---------+---------+-------+---------+---------+-------
        D:1 |      59 |       2 |   3.3 |      27 |       2 |   6.9
        D:2 |       0 |      41 | 100.0 |       0 |       1 | 100.0
            +---------+---------+-------+---------+---------+-------
